 Dungeon Crawl Stone Soup version 0.25-a0-1137-g7f6bfe439b (webtiles) character file.

Game seed: 7839272145694473279, levelgen mode: deterministic

194 vurker the Changer (level 5, -5/41 HPs)
             Began as a Draconian Transmuter on May 23, 2020.
             Killed by divine providence
             ... invoked by an orc priest
              (10 damage)
             ... on level 4 of the Dungeon.
             The game lasted 00:06:53 (4140 turns).

vurker the Changer (Draconian Transmuter)           Turns: 4140, Time: 00:06:54

Health: -5/41      AC:  9    Str: 13    XL:     5   Next: 44%
Magic:  0/10       EV: 12    Int: 13    God:
Gold:   174        SH:  0    Dex: 12    Spells: 2/10 levels left

rFire    . . .     SeeInvis .     - Unarmed
rCold    . . .     Gourm    .   (no shield)
rNeg     . . .     Faith    .   (armour unavailable)
rPois    .         Spirit   +   (helmet restricted)
rElec    .         Reflect  .   i - +0 cloak
rCorr    .         Harm     .   (no gloves)
MR       .....                  n - +2 pair of boots
Stlth    +.........             o - amulet of guardian spirit
HPRegen  0.13/turn              h - ring of flight
MPRegen  0.12/turn              (no ring)

@: no status effects
A: unfitting armour, cold-blooded, AC +5
a: Evoke Flight


You were on level 4 of the Dungeon.
You were not hungry.

You visited 1 branch of the dungeon, and saw 4 of its levels.

You collected 174 gold pieces.

Inventory:

Missiles
 a - 12 arrows
Armour
 i - a +0 cloak (worn)
   (You found it on level 2 of the Dungeon)
 n - a +2 pair of boots (worn)
   (You found it on level 2 of the Dungeon)
Jewellery
 h - a ring of flight (left hand)
   (You found it on level 2 of the Dungeon)
 o - an amulet of guardian spirit (around neck)
   (You found it on level 3 of the Dungeon)
Scrolls
 c - a scroll of blinking
 d - a scroll of remove curse
 g - 2 scrolls of identify
 m - 2 scrolls of fear
Potions
 b - a potion of mutation {unknown}
 k - 2 potions of curing
 l - 2 potions of magic
 p - 2 potions of haste
Comestibles
 e - 9 rations


   Skills:
 + Level 2.3 Fighting
 - Level 1.7 Dodging
 + Level 3.6 Unarmed Combat
 * Level 3.4 Spellcasting
 * Level 3.8 Transmutations


You had 2 spell levels left.
You knew the following spells:

 Your Spells              Type           Power        Failure   Level  Hunger
a - Beastly Appendage     Tmut           ##....       4%          1    #......
b - Blade Hands           Tmut           ##........   77%         5    ######.
q - Sticks to Snakes      Tmut           ##......     7%          2    ##.....

Your spell library contained the following spells:

 Spells                   Type           Power        Failure   Level  Hunger
 Spider Form              Tmut/Pois      #.........   30%         3    ###....
 Ice Form                 Ice/Tmut       #.......     69%         4    #####..


Dungeon Overview and Level Annotations

Branches:
Dungeon (4/15)
 Temple: D:4-7

Altars:
Kikubaaqudgha


Innate Abilities, Weirdness & Mutations

Your plain brown scales are hard. (AC +5)
You cannot fit into any form of body armour.
You are cold-blooded and may be slowed by cold attacks.


Message History

f - 3 chunks of flesh You see here an iguana skeleton.
Eating one of 3 chunks of flesh.
You eat one of the 3 chunks of flesh.
You see here an iguana skeleton.
Found 12 gold pieces.
Found 15 gold pieces and a flail.
You now have 159 gold pieces (gained 12).
You now have 174 gold pieces (gained 15).
An orc priest comes into view. It is wielding a +0 flail.
The orc priest shouts!
An orc priest is nearby!
The orc priest mumbles some strange prayers to Beogh against you.
Beogh smites you!
You hear a shout!
You start resting.
The orc priest is too close now for your liking.
You grow a pair of large bovine horns.
The orc priest calls down the wrath of Beogh upon you.
Beogh smites you!
You hear a shout! x2
You closely miss the orc priest.
You hear a shout!
An orc comes into view. It is wielding a +0 trident of venom.
The orc priest hits you with a +0 flail.
You barely miss the orc priest.
Your transformation is almost over.
An orc comes into view. It is wielding a +0 falchion.
You hit the orc priest but do no damage.
Your headbutt misses the orc priest. The orc priest closely misses you.
An orc priest comes into view. It is wielding a +0 club.
All of the chunks of flesh in your inventory have rotted away.
You barely miss the orc priest.
You tail-slap the orc priest, but do no damage.
The orc priest barely misses you. The orc hits you but does no damage.
An orc comes into view. It is wielding a +0 club.
The orc shouts!
The orc complains loudly, in orcish tradition.
Your horns disappear.
The orc priest calls down the wrath of Beogh upon you.
Beogh smites you!
* * * LOW HITPOINT WARNING * * *
The orc priest invokes the aid of Beogh against you.
Beogh smites you!
* * * LOW HITPOINT WARNING * * *
The orc priest looks encouraged for a moment.
Okay, then.
The orc priest looks satisfied for a moment.
The orc priest mumbles some strange prayers to Beogh against you.
Beogh smites you!
You die...

.##.....).# .........# ##...o...#
##>##.......# #.. #.......# #.#
#.......# ##.###...o...#
###...##.##.##.# #.@.#.......##.#
#o#...###...##.# #######
#.#o..###..#...# # .....#
#......##.###..# .
#.#.########o#........#..###.# .
#.........##o##o##.#.........#
.###.#.#####.##...........#......
#...##.# #.##########......####
.......# #.# #......#


You could see 2 orc priests and 3 orcs.

Vanquished Creatures
  Jessica (D:3)
  An iguana (D:4)
  Robin (D:2)
  3 adders
  2 oozes
  2 worms (D:3)
  A dart slug (D:1)
  6 leopard geckos
  2 orcs (D:3)
  8 bats
  3 giant cockroaches
  16 goblins
  8 hobgoblins
  7 jackals
  A quokka (D:2)
  2 frilled lizards (D:2)
  A jackal skeleton (D:4)
  3 kobolds
  11 rats
79 creatures vanquished.

Notes
Turn   | Place    | Note
-------+----------+-------------------------------------------
     0 | D:1      | vurker the Draconian Transmuter began the quest for the
                  | Orb.
     0 | D:1      | Reached XP level 1. HP: 16/16 MP: 3/3
   164 | D:1      | Reached XP level 2. HP: 13/23 MP: 3/5
   888 | D:1      | Reached XP level 3. HP: 26/28 MP: 6/6
  1354 | D:2      | Found a faded altar of an unknown god.
  1573 | D:2      | Found an ancient bone altar of Kikubaaqudgha.
  1691 | D:2      | Noticed Robin
  1745 | D:2      | Reached XP level 4. HP: 34/36 MP: 8/8
  1779 | D:2      | Killed Robin
  2643 | D:3      | Noticed Jessica
  2731 | D:3      | Killed Jessica
  2816 | D:3      | Reached XP level 5. HP: 36/41 MP: 9/9
  2988 | D:3      | Learned a level 2 spell: Sticks to Snakes
  2994 | D:3      | Learned a level 5 spell: Blade Hands
  4140 | D:4      | Killed from afar by an orc priest

Illustrated notes

Levels and vault maps discovered:
D:1:      lemuel_arrival_hallway, layout_basic
D:2:      layout_basic, nicolae_overflow_crystal_walls, first_ration,
          chequers_ecumenical_altar_island, minmay_bisected, uniq_robin
D:3:      layout_loops_ring, serial_glass, glass_columns_a, glass_columns_a,
          uniq_jessica
D:4:      layout_loops_cross, lemuel_round_altar,
          minmay_a_box_with_orc_wizards_in_it, uniq_sigmund, uniq_blork_the_orc

Skill      XL: |  1  2  3  4 |
---------------+-------------+-----
Transmutations | 3 |  3.8
Spellcasting   | 3 |  3.4
Fighting       | 2 |  2.3
Dodging        | |  1.7
Unarmed Combat | |  3.6

Action                   |  1- 3 |  4- 6 || total
-------------------------+-------+-------++-------
Melee: Unarmed           |   148 |   178 ||   326
       Tailslap          |     9 |    19 ||    28
       Kick              |    11 |     1 ||    12
       Punch             |     1 |     4 ||     5
       Headbutt          |       |     7 ||     7
 Cast: Beastly Appendage |     8 |     8 ||    16
  Use: Scroll            |       |     9 ||     9
  Eat: Chunk             |     3 |     8 ||    11
Armor: Skin              |    63 |    50 ||   113
Dodge: Dodged            |    95 |   103 ||   198

Table legend:
 A = Non-vault XP
 B = Vault XP
 C = Vault XP percentage of total XP
 D = Non-vault monster count
 E = Vault monster count
 F = Vault count percentage of total count
                 A         B        C        D         E       F
            +---------+---------+-------+---------+---------+-------
      Total |     199 |      79 |  28.4 |      63 |      16 |  20.3
            +---------+---------+-------+---------+---------+-------
        D:1 |      50 |       0 |   0.0 |      22 |       0 |   0.0
        D:2 |      54 |      42 |  43.8 |      20 |      15 |  42.9
        D:3 |      57 |      37 |  39.4 |      19 |       1 |   5.0
        D:4 |      38 |       0 |   0.0 |       2 |       0 |   0.0
            +---------+---------+-------+---------+---------+-------
